 Dungeon Crawl Stone Soup version 0.29.0-4-gdea44cf6ec (webtiles) character file.

Game seed: 9086531735213718289

51 qw the Chopper (level 3, -22/21 HPs)
             Began as a Tengu Warper on Aug 28, 2022.
             Annihilated by an ogre
             ... wielding a +0 giant club
              (24 damage)
             ... on level 3 of the Dungeon.
             The game lasted 00:00:09 (2098 turns).

qw the Chopper (Tengu Warper)                       Turns: 2098, Time: 00:00:10

Health: -22/21     AC:  5    Str: 12 (13) XL:     3   Next: 83%
Magic:  7/7        EV: 10    Int: 13      God:
Gold:   97         SH:  0    Dex: 11 (13) Spells: 6/6 levels left

rFire   . . .      SeeInvis .   Y - +0 hand axe (flame)
rCold   . . .      Faith    .   (no shield)
rNeg    . . .      Spirit   .   d - +0 ring mail
rPois   .          Reflect  .   (helmet restricted)
rElec   .          Harm     .   (no cloak)
rCorr   .          Rampage  .   (no gloves)
Will    .....                   (boots unavailable)
Stlth   +.........              (no amulet)
HPRegen 0.07/turn               (no ring)
MPRegen 0.10/turn               (no ring)

@: no status effects
A: beak, talons 3
a: no special abilities


You were on level 3 of the Dungeon.
You visited 1 branch of the dungeon, and saw 3 of its levels.

You collected 97 gold pieces.


Innate Abilities, Weirdness & Mutations

You have a beak for a mouth.
You have claws for feet.


   Skills:
 - Level 2.0 Fighting
 + Level 4.4 Axes
 - Level 1.0 Throwing
 - Level 1.1 Armour
 - Level 2.1 Dodging
 - Level 2.0 Spellcasting
 - Level 2.4 Translocations


You had 6 spell levels left.
You didn't know any spells.
Your spell library contained the following spells:

 Spells                   Type           Power      Damage    Failure   Level
 Blink                    Tloc           14%        N/A       32%         2
 Gell's Gravitas          Tloc           7%         N/A       54%         3
 Lesser Beckoning         Tloc           7%         N/A       54%         3
 Teleport Other           Tloc           7%         N/A       54%         3
 Manifold Assault         Tloc           7%         N/A       99%         5

Inventory:

Hand Weapons
 Y - a +0 hand axe of flaming (weapon)
Armour
 d - a +0 ring mail (worn)
 h - a +0 pair of gloves
Scrolls
 b - a scroll of identify
 c - a scroll of noise {unknown}
Potions
 a - 2 potions of curing {unknown}
 e - 4 potions of brilliance {unknown}
 f - a potion of attraction {unknown}
 g - a potion of might {unknown}

Dungeon Overview and Level Annotations

Branches:
Dungeon (3/15)

Altars:
Elyvilon
Gozag
Hepliaklqana

Shops:
D:2 (


Message History

f - a grey potion
There is a stone staircase leading up here.
Found a stone staircase leading down.
Enter note:
There is a stone staircase leading down here.
g - an emerald potion
Found a short sword.
Found a scroll of blinking.
h - a +0 pair of gloves You see here a +0 short sword.
You open the door.
There is an open door here.
You now have 97 gold pieces (gained 14).
You open the door.
Found a stone.
Enter note:
There is an open door here.
A bat comes into view.
You hit the bat but do no damage. The bat hits you but does no damage.
The bat closely misses you.
You hit the bat. You burn the bat.
You kill the bat!
A kobold comes into view. It is wielding a +0 short sword.
The kobold shouts!
Enter note: An ogre comes into view. It is wielding a +0 giant club.
You hit the kobold. You burn the kobold.
The kobold is severely wounded.
The kobold misses you.
You hit the kobold. You burn the kobold.
You kill the kobold!
You hit the ogre. You burn the ogre.
The ogre is lightly wounded.
The ogre hits you with a +0 giant club!!
Ouch! That really hurt!
You hit the ogre. You burn the ogre. You claw the ogre!
The ogre is heavily wounded.
The ogre hits you with a +0 giant club!!
Ouch! That really hurt!
You die...

##.....# ##..
##......^ ...
####........
...... +........
....# #........
###.#..#
##....... .....
##.....# #O)#
##...## #@# ##'##
#.# #.# #.# #.#
#.######## ##.##
#####........#
##...##
#.......####.#
#......
#.###...##.#.#
##.(.## #.#
#........#####..#
#.#
##..............#


You could see an ogre.

Vanquished Creatures
  2 adders
  A worm (D:2)
  A dart slug (D:2)
  3 orcs (D:3)
  6 bats
  A giant cockroach (D:1)
  3 goblins (D:2)
  4 hobgoblins
  2 ball pythons
  A frilled lizard (D:3)
  A kobold (D:3)
  2 rats (D:3)
27 creatures vanquished.

Vanquished Creatures (others)
  5 plants (D:3)
5 creatures vanquished.

Grand Total: 32 creatures vanquished

Notes
Turn   | Place    | Note
-------+----------+-------------------------------------------
     0 | D:1      | qw the Tengu Warper began the quest for the Orb.
     0 | D:1      | Reached XP level 1. HP: 12/12 MP: 4/4
     0 | D:1      | 0 ||| qw: Version: 0.1-a-89-g26bdef1
     0 | D:1      | 0 ||| qw: Game counter: 418
     0 | D:1      | 0 ||| qw: Always use a shield: true
     0 | D:1      | 0 ||| qw: God list: Okawaru
     0 | D:1      | 0 ||| qw: Allow faded altars: false
     0 | D:1      | 0 ||| qw: Do Orc after D:15 true
     0 | D:1      | 0 ||| qw: Do second Lair branch before Depths: true
     0 | D:1      | 0 ||| qw: Lair rune preference: random
     0 | D:1      | 0 ||| qw: Plans: Normal
     0 | D:1      | 0 ||| PLANNING D:1-11
   380 | D:1      | Reached skill level 3 in Axes
   380 | D:1      | Reached XP level 2. HP: 13/17 MP: 6/6
   506 | D:1      | 506 ||| DROPPING +0 club.
   537 | D:1      | Found a faded altar of an unknown god.
   793 | D:1      | 793 ||| UPGRADING to +0 ring mail.
   803 | D:1      | 803 ||| DROPPING +0 leather armour.
   804 | D:1      | 804 ||| READING scroll labelled QEHAIQ ABATIAX.
   805 | D:1      | 805 ||| READING scroll labelled MUNY INIREMP.
   806 | D:1      | 806 ||| DROPPING +0 whip.
   807 | D:1      | 807 ||| READING scroll labelled XOIT NETOR.
   808 | D:1      | 808 ||| READING scroll labelled MEAMAU BERUTT.
   809 | D:1      | 809 ||| READING scroll labelled GEGICA JOUNLUF.
   810 | D:1      | 810 ||| READING scroll labelled SOIHEANW FUFAQ.
   811 | D:1      | 811 ||| DRINKING 2 fuming green potions.
   812 | D:1      | 812 ||| DROPPING scroll of blinking.
   813 | D:1      | 813 ||| DROPPING potion of degeneration.
  1040 | D:2      | 1040 ||| Stepping ~*~*~tactically~*~*~ (hiding).
  1123 | D:2      | Reached XP level 3. HP: 21/21 MP: 7/7
  1124 | D:2      | Found Xiosiakeegh's Antique Weapon Shop.
  1133 | D:2      | 1133 ||| SHOPLISTING glowing hand axe (102 gold, have 45).
  1133 | D:2      | 1133 ||| SHOPLISTING war axe (59 gold, have 45).
  1207 | D:2      | 1207 ||| Stepping ~*~*~tactically~*~*~ (stealth).
  1208 | D:2      | 1208 ||| Stepping ~*~*~tactically~*~*~ (stealth).
  1219 | D:2      | Reached skill level 4 in Axes
  1227 | D:2      | Found an opulent altar of Gozag.
  1305 | D:2      | 1305 ||| DROPPING +2 robe of cold resistance.
  1306 | D:2      | 1306 ||| DROPPING amulet of faith.
  1307 | D:2      | 1307 ||| READING scroll labelled QADUEG TEOC GULE.
  1452 | D:3      | Found a white marble altar of Elyvilon.
  1515 | D:3      | Found a hazy altar of Hepliaklqana.
  2091 | D:3      | Noticed an ogre
  2097 | D:3      | HP: 2/21 [ogre/+0 giant club (19)]
  2098 | D:3      | Annihilated by an ogre

Levels and vault maps discovered:
D:1:      minmay_arrival_loop, layout_loops_ring, ebering_ecumenical_altar_hall
D:2:      layout_rooms, basic_altar, serial_shops, shop
D:3:      layout_loops_corners, mainiacjoe_overflow_small_starburst,
          mainiacjoe_overflow_chevrons

Skill      XL: |  1  2  3 |
---------------+----------+-----
Axes           | 3 4 |  4.4
Fighting       | |  2.0
Throwing       | |  1.0
Armour         | |  1.1
Dodging        | |  2.1
Spellcasting   | |  2.0
Translocations | |  2.4

Action                   || total
-------------------------++-------
Melee: Hand axe          ||    72
       Kick              ||    11
       Peck              ||     8
Throw: Boomerang         ||     7
  Use: Scroll            ||     7
       Potion            ||     1
Armor: Leather armour    ||     8
       Ring mail         ||    19
Dodge: Dodged            ||    34

Table legend:
 A = Non-vault XP
 B = Vault XP
 C = Vault XP percentage of total XP
 D = Non-vault monster count
 E = Vault monster count
 F = Vault count percentage of total count
                 A         B        C        D         E       F
            +---------+---------+-------+---------+---------+-------
      Total |      74 |       0 |   0.0 |      27 |       0 |   0.0
            +---------+---------+-------+---------+---------+-------
        D:1 |      12 |       0 |   0.0 |       7 |       0 |   0.0
        D:2 |      33 |       0 |   0.0 |      10 |       0 |   0.0
        D:3 |      29 |       0 |   0.0 |      10 |       0 |   0.0
            +---------+---------+-------+---------+---------+-------
